 Dungeon Crawl Stone Soup version 0.25-a0-246-g58704a1ebd (console) character file.

Game seed: 12268846010773056154, levelgen mode: deterministic

524 Kagalorn the Magician (level 7, -13/50 HPs)
             Began as a Gnoll Wizard on Dec 3, 2019.
             Engulfed by a cloud of freezing vapour (22 damage)
             ... on level 5 of the Dungeon.
             The game lasted 00:11:48 (3768 turns).

Kagalorn the Magician (Gnoll Wizard)                Turns: 3768, Time: 00:11:48

Health: -13/50     AC:  1    Str:  9    XL:     7   Next: 22%
Magic:  9/18       EV: 15    Int: 22    God:
Gold:   63         SH:  0    Dex: 14    Spells: 12/21 levels left

rFire    . . .     SeeInvis .   a - +0 short sword (venom)
rCold    . . .     Gourm    .   (no shield)
rNeg     . . .     Faith    .   (no armour)
rPois    .         Spirit   .   j - +1 hat
rElec    .         Reflect  .   (no cloak)
rCorr    .         Harm     .   (no gloves)
MR       .....                  (no boots)
Stlth    +++.......             (no amulet)
HPRegen  0.16/turn              (no ring)
MPRegen  0.16/turn              (no ring)

@: very slightly contaminated
A: distributed training, fangs 1, strong nose
a: no special abilities


You were on level 5 of the Dungeon.
You were hungry.

You visited 1 branch of the dungeon, and saw 5 of its levels.

You collected 105 gold pieces.
You spent 42 gold pieces at shops.

Inventory:

Hand Weapons
 a - a +0 short sword of venom (weapon)
 b - a +0 hand crossbow
 m - a +0 dagger of venom
 A - a +1 flail of draining
Missiles
 c - 114 stones
 n - 19 silver javelins
 p - 42 sling bullets
 t - 29 poisoned darts (quivered)
Armour
 e - a +0 robe
 j - a +1 hat (worn)
 q - a +0 shield
 y - a +2 leather armour of cold resistance
Jewellery
 s - a cursed ring of teleportation {unknown}
Scrolls
 f - 3 scrolls of magic mapping {unknown}
 k - 3 scrolls of teleportation
 l - a scroll of enchant armour {unknown}
 u - a scroll of remove curse {unknown}
 v - a scroll of enchant weapon {unknown}
 w - 3 scrolls of identify {unknown}
 D - a scroll of fear {unknown}
Potions
 g - 3 potions of curing {unknown}
 h - a potion of heal wounds {unknown}
 i - 3 potions of agility {unknown}
 o - a potion of lignification {unknown}
 r - 3 potions of brilliance {unknown}
 x - a potion of flight {unknown}
 z - a potion of might {unknown}
 C - 2 potions of cancellation {unknown}
Comestibles
 d - 6 rations


   Skills:
 + Level 2.3 Fighting
 + Level 2.3 Short Blades
 + Level 2.3 Long Blades
 + Level 2.3 Axes
 + Level 2.3 Maces & Flails
 + Level 2.3 Polearms
 + Level 2.3 Staves
 + Level 2.3 Slings
 + Level 2.3 Bows
 + Level 2.3 Crossbows
 + Level 2.3 Throwing
 + Level 2.3 Armour
 + Level 5.1 Dodging
 + Level 4.8 Stealth
 + Level 2.3 Shields
 + Level 2.3 Unarmed Combat
 + Level 7.5 Spellcasting
 + Level 2.8 Conjurations
 + Level 1.8 Hexes
 + Level 1.8 Charms
 + Level 2.8 Summonings
 + Level 1.8 Necromancy
 + Level 2.8 Translocations
 + Level 1.8 Transmutations
 + Level 1.8 Fire Magic
 + Level 1.8 Ice Magic
 + Level 1.8 Air Magic
 + Level 1.8 Earth Magic
 + Level 1.8 Poison Magic
 + Level 2.5 Invocations
 + Level 2.3 Evocations


You had 12 spell levels left.
You knew the following spells:

 Your Spells              Type           Power        Failure   Level  Hunger
a - Magic Dart            Conj           ###.         2%          1    None
c - Conjure Flame         Conj/Fire      ###.....     9%          3    None
e - Mephitic Cloud        Conj/Pois/Air  ###.....     10%         3    None
g - Blink                 Tloc           N/A          3%          2    None

Your spell library contained the following spells:

 Spells                   Type           Power        Failure   Level  Hunger
 Call Imp                 Summ           ###.....     3%          2    None
 Slow                     Hex            ###.....     5%          2    None


Dungeon Overview and Level Annotations

Branches:
Dungeon (5/15)
 Temple: D:4-7

Altars:
Makhleb

Shops:
D:4 [:?%

Annotations:
D:3 Grinder


Innate Abilities, Weirdness & Mutations

Your experience applies equally to all skills.
You have very sharp teeth.
Your uncanny sense of smell can sniff out nearby items.


Message History

The ooze closely misses you.
Casting: Magic Dart (safe; 2% risk of failure)
Confirm with . or Enter, or press ? or * to list all spells.
Aiming: Magic Dart (safe; 2% risk of failure)
Press: ? - help, Shift-Dir - straight line, f/p - ooze
Aim: an ooze (severely wounded)
The magic dart hits the ooze.
The ooze is almost dead.
The ooze misses you.
Casting: Magic Dart (safe; 2% risk of failure)
Confirm with . or Enter, or press ? or * to list all spells.
Aiming: Magic Dart (safe; 2% risk of failure)
Press: ? - help, Shift-Dir - straight line, f/p - ooze
Aim: an ooze (poison gas, almost dead)
The magic dart hits the ooze.
You kill the ooze!
Casting: Magic Dart (safe; 2% risk of failure)
Confirm with . or Enter, or press ? or * to list all spells.
You blink.
You are engulfed in freezing vapours.
You die...

∆ ### #####%# ∆
#..☼§.#
#<##§§#######
.######§§......#
#(....§@☼§####.#
#.######§§#
######.§#
#....§§a#
#<#####.# #Z.
..## ... .... ∆


You could see a worker ant and an adder skeleton.

Vanquished Creatures
  2 ogres (D:4)
  Blork the orc (D:5)
  2 orc priests (D:5)
  An orc wizard (D:5)
  Ijyb (D:5)
  An iguana (D:5)
  A worker ant (D:4)
  A gnoll (D:4)
  2 adders (D:3)
  An ooze (D:5)
  3 worms
  5 dart slugs
  2 leopard geckos
  8 orcs
  A ball python (D:2)
  5 bats
  4 giant cockroaches
  4 goblins
  12 hobgoblins
  8 jackals
  5 kobolds
  3 quokkas
  3 frilled lizards
  A quokka skeleton (D:5)
  7 rats
84 creatures vanquished.

Notes
Turn   | Place    | Note
-------+----------+-------------------------------------------
     0 | D:1      | Kagalorn the Gnoll Wizard began the quest for the Orb.
     0 | D:1      | Reached XP level 1. HP: 13/13 MP: 8/8
    83 | D:1      | Reached XP level 2. HP: 19/19 MP: 5/10
   296 | D:1      | Reached XP level 3. HP: 16/25 MP: 1/11
   300 | D:1      | Learned a level 2 spell: Blink
   304 | D:1      | Learned a level 3 spell: Conjure Flame
   308 | D:1      | Learned a level 3 spell: Mephitic Cloud
   767 | D:2      | Reached skill level 1 in Invocations
   823 | D:2      | You fall into a shaft and drop 1 floor!
   833 | D:3      | Noticed Grinder
  1066 | D:2      | Reached skill level 1 in Fighting
  1066 | D:2      | Reached skill level 1 in Short Blades
  1066 | D:2      | Reached skill level 1 in Long Blades
  1066 | D:2      | Reached skill level 1 in Axes
  1066 | D:2      | Reached skill level 1 in Maces & Flails
  1066 | D:2      | Reached skill level 1 in Polearms
  1066 | D:2      | Reached skill level 1 in Staves
  1066 | D:2      | Reached skill level 1 in Slings
  1066 | D:2      | Reached skill level 1 in Bows
  1066 | D:2      | Reached skill level 1 in Crossbows
  1066 | D:2      | Reached skill level 1 in Throwing
  1066 | D:2      | Reached skill level 1 in Armour
  1066 | D:2      | Reached skill level 1 in Shields
  1066 | D:2      | Reached skill level 1 in Unarmed Combat
  1066 | D:2      | Reached skill level 1 in Evocations
  1076 | D:2      | Reached XP level 4. HP: 21/32 MP: 2/13
  1751 | D:4      | Noticed an ogre
  1784 | D:3      | Reached skill level 1 in Hexes
  1784 | D:3      | Reached skill level 1 in Charms
  1784 | D:3      | Reached skill level 1 in Necromancy
  1784 | D:3      | Reached skill level 1 in Transmutations
  1784 | D:3      | Reached skill level 1 in Fire Magic
  1784 | D:3      | Reached skill level 1 in Ice Magic
  1784 | D:3      | Reached skill level 1 in Air Magic
  1784 | D:3      | Reached skill level 1 in Earth Magic
  1784 | D:3      | Reached skill level 1 in Poison Magic
  2059 | D:3      | Paralysed by Grinder for 5 turns
  2307 | D:4      | Found Zaure's Magic Scroll Shoppe.
  2323 | D:4      | Bought a scroll of teleportation for 42 gold pieces
  2358 | D:4      | Killed an ogre
  2358 | D:4      | Reached XP level 5. HP: 37/37 MP: 0/14
  2476 | D:4      | Found Ahiegg's Book Shoppe.
  2639 | D:4      | Found Xal Gej's Antique Armour Boutique.
  2862 | D:4      | Noticed an ogre
  2910 | D:4      | Killed an ogre
  2910 | D:4      | Reached XP level 6. HP: 44/44 MP: 1/16
  2970 | D:4      | Found Jiorokki's Food Emporium.
  3186 | D:5      | Entered Level 5 of the Dungeon
  3195 | D:5      | Found a burning altar of Makhleb.
  3208 | D:5      | Reached skill level 5 in Dodging
  3488 | D:5      | Noticed Blork the orc
  3506 | D:5      | Killed Blork the orc
  3506 | D:5      | Reached XP level 7. HP: 40/50 MP: 14/18
  3751 | D:5      | Noticed Ijyb
  3761 | D:5      | Killed Ijyb
  3768 | D:5      | Engulfed by a cloud of freezing vapour

Levels and vault maps discovered:
D:1:      dpeg_arrival_pond, layout_loops_ring, hangedman_feature_mirror
D:2:      layout_loops_cross, grunt_ministairs_6
D:3:      layout_rooms, first_ration, led_sif_pool, uniq_grinder
D:4:      layout_basic, serial_shops, nicolae_shop_stone, shop,
          nicolae_shop_statue_plus, nicolae_shop_temple_entry_statues_fountains
D:5:      layout_basic, overflow_temple_1_default, uniq_blork_the_orc,
          uniq_ijyb, uniq_crazy_yiuf_cottage, uniq_duvessa

Skill      XL: |  1  2  3  4  5  6 |
---------------+-------------------+-----
Conjurations   | 2 |  2.8
Summonings     | 2 |  2.8
Translocations | 2 |  2.8
Invocations    | 1 2 |  2.5
Fighting       | 1 2 |  2.3
Short Blades   | 1 2 |  2.3
Long Blades    | 1 2 |  2.3
Axes           | 1 2 |  2.3
Maces & Flails | 1 2 |  2.3
Polearms       | 1 2 |  2.3
Staves         | 1 2 |  2.3
Slings         | 1 2 |  2.3
Bows           | 1 2 |  2.3
Crossbows      | 1 2 |  2.3
Throwing       | 1 2 |  2.3
Armour         | 1 2 |  2.3
Shields        | 1 2 |  2.3
Unarmed Combat | 1 2 |  2.3
Evocations     | 1 2 |  2.3
Hexes          | 1 |  1.8
Charms         | 1 |  1.8
Necromancy     | 1 |  1.8
Transmutations | 1 |  1.8
Fire Magic     | 1 |  1.8
Ice Magic      | 1 |  1.8
Air Magic      | 1 |  1.8
Earth Magic    | 1 |  1.8
Poison Magic   | 1 |  1.8
Dodging        | 5 |  5.1
Stealth        | |  4.8
Spellcasting   | |  7.5

Action                   |  1- 3 |  4- 6 |  7- 9 || total
-------------------------+-------+-------+-------++-------
Melee: Dagger            |    32 |       |       ||    32
       Bite              |     2 |     2 |     2 ||     6
       Short sword       |     3 |    21 |     3 ||    27
Throw: Stone             |       |     1 |       ||     1
       Dart              |       |     7 |       ||     7
 Cast: Magic Dart        |    62 |   132 |    11 ||   205
       Conjure Flame     |       |     8 |       ||     8
       Mephitic Cloud    |       |     2 |     1 ||     3
       Blink             |       |       |     4 ||     4
 Stab: Sleeping          |     8 |     2 |       ||    10
  Eat: Chunk             |       |     8 |       ||     8
Armor: Robe              |     7 |     6 |       ||    13
       Skin              |       |     1 |       ||     1
Dodge: Dodged            |    32 |    35 |    22 ||    89

Table legend:
 A = Non-vault XP
 B = Vault XP
 C = Vault XP percentage of total XP
 D = Non-vault monster count
 E = Vault monster count
 F = Vault count percentage of total count
                 A         B        C        D         E       F
            +---------+---------+-------+---------+---------+-------
      Total |     620 |     129 |  17.2 |      78 |       6 |   7.1
            +---------+---------+-------+---------+---------+-------
        D:1 |      51 |       3 |   5.6 |      24 |       2 |   7.7
        D:2 |      44 |       3 |   6.4 |      21 |       2 |   8.7
        D:3 |      41 |       0 |   0.0 |      10 |       0 |   0.0
        D:4 |     310 |       0 |   0.0 |      15 |       0 |   0.0
        D:5 |     174 |     123 |  41.4 |       8 |       2 |  20.0
            +---------+---------+-------+---------+---------+-------
